AoeStats
← Fraise le conquérant

Highland

504279524Analyzed
2v2 RM · 27d ago on Sep 4, 2026· 62m 17s· 4 players
Game mode
Random Map
Map size
Medium (4 player)
Population
200
Speed
Normal
Resources
Standard
Victory
Conquest
Starting age
Dark Age
Ending age
Imperial Age
RankedLock teamsTeams togetherTeam positionsShared explorationLock speedFull tech treeHidden civsTurbo modeCheats
Victory
Defeat
🇫🇷 Ethiopians · France
887
+15
🇫🇷 Franks · France
878
+15
🇪🇸 Celts · Spain
866
-15
🇮🇳 Portuguese · India
856
-15
aj153
0:27 Loom
11:04 Feudal Age
11:56 Double-Bit Axe
18:00 Castle Age
16:10 Stone Mining
26:56 Fletching
27:52 Fishing Lines
29:04 Bow Saw
30:18 Bodkin Arrow
30:49 Gillnets
31:15 Gold Mining
31:08 Horse Collar
35:51 Imperial Age
34:18 Caravan
35:34 Masonry
35:53 Capped Ram
38:14 Forging
38:09 Scale Barding Armor
37:52 Town Watch
38:43 Wheelbarrow
38:51 Medium Warships
40:10 Heavy Warships
43:29 Chemistry
42:50 Ballistics
42:53 Chain Barding Armor
45:32 Architecture
48:27 Plate Barding Armor
48:19 Arquebus
48:28 Pikeman
51:09 Elite Organ Gun
56:52 Padded Archer Armor
59:39 Bloodlines
59:55 Leather Archer Armor
59:54 Cavalier
UnAmigo.es
8:35 Loom
11:56 Feudal Age
13:00 Loom
16:40 Horse Collar
16:47 Double-Bit Axe
21:52 Castle Age
23:31 Bow Saw
23:14 Gold Mining
23:17 Stone Mining
25:08 Heavy Plow
25:45 Wheelbarrow
24:57 Town Watch
25:51 Gold Shaft Mining
26:36 Forging
26:26 Scale Mail Armor
36:13 Imperial Age
34:05 Hand Cart
38:26 Caravan
38:37 Guilds
38:44 Caravan
38:28 Capped Ram
41:14 Heavy Scorpion
44:14 Iron Casting
43:39 Scale Mail Armor
43:02 Onager
46:46 Pikeman
49:32 Blast Furnace
48:48 Chain Mail Armor
47:59 Halberdier
51:36 Plate Mail Armor
50:57 Fletching
55:24 Arson
57:28 Conscription
Germain
11:20 Feudal Age
12:45 Wheelbarrow
12:00 Double-Bit Axe
13:34 Horse Collar
13:42 Town Watch
16:41 Castle Age
19:46 Bow Saw
24:00 Gold Mining
24:49 Heavy Plow
34:38 Imperial Age
32:44 Town Patrol
32:32 Loom
33:53 Ballistics
33:30 Murder Holes
33:46 Fortified Wall
33:58 Hand Cart
33:54 Fletching
34:28 Padded Archer Armor
34:29 Scale Mail Armor
34:39 Forging
36:32 Chemistry
35:42 Siege Engineers
39:21 Two-Man Saw
40:33 Torsion Engines
41:13 Arson
41:29 Squires
42:12 Halberdier
43:00 Onager
46:21 Royal Heirs
45:42 Elite Shotel Warrior
46:53 Elite Skirmisher
47:39 Thumb Ring
48:35 Iron Casting
48:15 Chain Mail Armor
48:16 Leather Archer Armor
47:56 Bodkin Arrow
Fraise le conquérant
0:29 Loom
11:17 Feudal Age
13:21 Double-Bit Axe
14:12 Gold Mining
16:01 Wheelbarrow
19:05 Castle Age
18:39 Stone Mining
19:41 Fishing Lines
20:33 Bow Saw
22:30 Gillnets
25:11 Wheelbarrow
25:56 Medium Warships
31:49 Imperial Age
30:58 Forging
32:11 Cavalier
33:02 Scale Barding Armor
33:56 Hand Cart
35:08 Chain Barding Armor
35:32 Town Watch
36:37 Conscription
37:04 Heavy Warships
37:02 Paladin
38:23 Bow Saw
40:24 Plate Barding Armor
40:16 Fletching
42:15 Chivalry
43:20 Iron Casting
42:41 Bodkin Arrow
49:42 Elite Throwing Axeman
49:54 Elite Throwing Axeman
52:07 Blast Furnace
51:09 Scale Mail Armor
51:09 Padded Archer Armor
51:34 #83
57:41 Chain Mail Armor
57:41 Leather Archer Armor
62:21 Murder Holes
Connection lost

Rejoining the realm…

Still unreachable

The connection could not be restored.

Session expired

The server has moved on; the page needs a fresh start.